 Dungeon Sprint DCSS version 0.29.1-2-gbd0b4ee654 (webtiles) character file.

Game seed: 2960464394523621507

54 boopmooplesden the Fighter (level 8, 0/129 HPs)
             Began as a Minotaur Berserker on Nov 21, 2022.
             Was an Elder of Trog.
             Slain by a merfolk
             ... wielding a +0 trident
              (18 damage)
             ... in the Dungeon (Sprint VI: "Thunderdome").
             The game lasted 00:03:00 (478 turns).

boopmooplesden the Fighter (Minotaur Berserker)      Turns: 478, Time: 00:03:01

Health: 0/129      AC:  9    Str: 20    XL:     8   Next: 95%
Magic:  7/7        EV: 14    Int:  6    God:    Trog [****..]
Gold:   24         SH:  0    Dex:  9    Spells: 7/7 levels left

rFire   . . .      SeeInvis +   p - +1 scythe (freeze)
rCold   + + .      Faith    .   (shield currently unavailable)
rNeg    + . .      Spirit   .   b - +0 animal skin
rPois   .          Reflect  .   (helmet restricted)
rElec   .          Harm     .   r - +0 cloak
rCorr   +          Rampage  .   q - +0 pair of gloves
Will    .....      NoTele   +   (no boots)
Stlth   ..........              m - amulet of Unof {Regen+ Str-5 Int+2 SInv}
HPRegen 1.11/turn               n - ring "Ynusmik" {rF+ rCorr AC+4}
MPRegen 0.10/turn               o - ring of Socatut {Fly rF- rC++ rN+ SInv}

@: berserking, flying, very quick
A: horns 2, retaliatory headbutt
a: Renounce Religion, Berserk, Trog's Hand, Brothers in Arms


You were in the Dungeon.
You worshipped Trog.
Trog was greatly pleased with you.
You visited 1 branch You collected 280 gold pieces.
You spent 256 gold pieces at shops.

Inventory:

Hand Weapons
 a - a +0 hand axe
 p - a +1 scythe of freezing (weapon)
Armour
 b - a +0 animal skin (worn)
 q - a +0 pair of gloves (worn)
 r - a +0 cloak (worn)
Jewellery
 m - the amulet of Unof (around neck) {Regen+ Str-5 Int+2 SInv}
   (You bought it in a shop in the Dungeon)

   [amulet of regeneration]

   Str:       It affects your strength (-5).
   Int:       It affects your intelligence (+2).
   SInv:      It lets you see invisible.
   Regen:     It increases your rate of health regeneration.
 n - the ring "Ynusmik" (left hand) {rF+ rCorr AC+4}
   (You bought it in a shop in the Dungeon)

   [ring of protection]

   AC:        It affects your AC (+4).
   rF:        It protects you from fire.
   rCorr:     It protects you from acid and corrosion.
 o - the ring of Socatut (right hand) {Fly rF- rC++ rN+ SInv}
   (You bought it in a shop in the Dungeon)

   [ring of positive energy]

   rF:        It makes you vulnerable to fire.
   rC:        It greatly protects you from cold.
   rN:        It protects you from negative energy.
   SInv:      It lets you see invisible.
   Fly:       It grants you flight.
Wands
 j - a wand of quicksilver (5)
 k - a wand of iceblast (5)
Scrolls
 h - 4 scrolls of blinking
 l - 3 scrolls of butterflies
Potions
 c - 2 potions of curing
 d - 4 potions of heal wounds
 e - 4 potions of haste
 f - 2 potions of magic
 g - a potion of berserk rage
 i - a potion of resistance


   Skills:
 + Level 13.4 Fighting
 + Level 13.3(14.8) Axes
 + Level 10.6(13.5) Polearms
 + Level 5.8 Armour
 + Level 9.6 Dodging


You had 7 spell levels left.
You didn't know any spells.
Your spell library was empty.

Dungeon Overview and Level Annotations

Branches:
Dungeon (1/1)

Altars:
Cheibriados
Dithmenos
Fedhas
Gozag
Kikubaaqudgha
Makhleb
Okawaru
Qazlal
Ru
Sif Muna
Trog
Uskayaw
Vehumet
Wu Jian
Xom
Yredelemnul
Zin
The Shining One
Lugonu

Shops:
D *[??*?*:[((!!!!


Innate Abilities, Weirdness & Mutations

You have a pair of horns on your head.
You reflexively headbutt those who attack you in melee.


Message History

Trog appreciates your killing of a magic user.
Your base Polearms skill increases to level 10!
Things that are here:
a +0 spear; a merfolk corpse Your ogre rages.
Your ogre rages.
A merfolk comes into view. It is wielding a +0 trident.
You recover from your berserk rage.
The merfolk shouts!
You hear a shout!
A merfolk comes into view. It is wielding a +0 trident. 50...
The merfolk shouts!
The merfolk throws a boomerang.
The boomerang hits you!
The merfolk throws a boomerang.
The boomerang completely misses you.
Your ogre barely misses the merfolk.
The merfolk hits you with a +0 trident!
* * * LOW HITPOINT WARNING * * *
The merfolk throws a boomerang.
The boomerang barely misses you.
You hit the merfolk but do no damage.
Your ogre barely misses the merfolk.
The merfolk barely misses you.
The merfolk throws a boomerang.
The boomerang closely misses you.
A red film seems to cover your vision as you go berserk!
You feel yourself moving faster!
You feel mighty!
Your ogre barely misses the merfolk.
The merfolk hits you with a +0 trident.
* * * LOW HITPOINT WARNING * * *
The merfolk throws a boomerang.
The boomerang completely misses you.
You barely miss the merfolk.
Your ogre barely misses the merfolk.
You hit the merfolk. You freeze the merfolk.
The merfolk is lightly wounded.
The merfolk hits you with a +0 trident!
* * * LOW HITPOINT WARNING * * *
The merfolk hits you from afar with a +0 trident!
* * * LOW HITPOINT WARNING * * *
You hit the merfolk. You freeze the merfolk.
The merfolk is moderately wounded.
Your ogre hits the merfolk with a +0 giant club!!
You closely miss the merfolk.
The merfolk is moderately wounded.
The merfolk hits you but does no damage.
The merfolk hits you from afar with a +0 trident!!
You die...

##⌠⌠⌠## #.....# ##.....##
##∩.....∩## #∩.......∩#
#_......._# #_......._#
#_.m.m....# ###..@.O....###
#⌠...........⌠#
######.8.........8.######
##.___[.....###......___∩##
###∩........8.# #.8........∩##
##............†###.............
#⌠..........###...###...)......
#⌠..........# #.<.# #..........
#⌠.....†....###...###..........


You could see 2 merfolk and a friendly ogre (summoned, berserk).

Vanquished Creatures
  A harpy (D)
  A merfolk siren (D)
  Sigmund (D)
  A redback (D)
  4 scorpions (D)
  A killer bee (D)
  3 adders (D)
  An orc (D)
13 creatures vanquished.

Vanquished Creatures (collateral kills)
  A merfolk siren (D)
  A merfolk (D)
2 creatures vanquished.

Grand Total: 15 creatures vanquished

Notes
Turn   | Place    | Note
-------+----------+-------------------------------------------
     0 | D        | boopmooplesden the Minotaur Berserker began the quest for
                  | the Orb.
     0 | D        | Reached XP level 1. HP: 19/19 MP: 0/0
     0 | D        | Found a radiant altar of Vehumet.
     0 | D        | Found an ornate altar of the Wu Jian Council.
     4 | D        | Found an opulent altar of Gozag.
     4 | D        | Found a glowing golden altar of the Shining One.
     5 | D        | Found a hide-covered altar of Uskayaw.
     5 | D        | Found a bloodstained altar of Trog.
     5 | D        | Round 1.
     6 | D        | Found an ancient bone altar of Kikubaaqudgha.
     6 | D        | Found a shimmering altar of Xom.
     7 | D        | Found a corrupted altar of Lugonu.
     7 | D        | Found Holuh's Identification Station.
     8 | D        | Found Xityt Ditauf's Jewellery.
     8 | D        | Found Uluef's Advanced Armour.
    16 | D        | Bought a vibrating ruby amulet for 45 gold pieces
    16 | D        | Identified the amulet of Unof {Regen+ Str-5 Int+2 SInv}
                  | (You bought it in a shop in the Dungeon)
    16 | D        | Bought a transparent silver ring for 45 gold pieces
    16 | D        | Identified the ring "Ynusmik" {rF+ rCorr AC+4} (You bought
                  | it in a shop in the Dungeon)
    16 | D        | Bought a flickering steel ring for 45 gold pieces
    16 | D        | Identified the ring of Socatut {Fly rF- rC++ rN+ SInv} (You
                  | bought it in a shop in the Dungeon)
    23 | D        | Noticed Sigmund
    34 | D        | Killed Sigmund
    35 | D        | Reached XP level 2. HP: 36/36 MP: 1/1
    35 | D        | Reached XP level 3. HP: 41/41 MP: 2/2
    35 | D        | Reached XP level 4. HP: 49/49 MP: 3/3
    35 | D        | Reached XP level 5. HP: 56/56 MP: 4/4
    40 | D        | Found a stormy altar of Qazlal.
    40 | D        | Found Quompan's Magic Scroll Shop.
    42 | D        | Found a basalt altar of Yredelemnul.
    42 | D        | Found a shimmering blue altar of Sif Muna.
    42 | D        | Found Jisakhufo's Staff Store.
    43 | D        | Found Vewnes's Magic Scroll Shop.
    43 | D        | Found Xeafesi's Must-Have Magic.
    48 | D        | Found a sacrificial altar of Ru.
    58 | D        | Found an iron altar of Okawaru.
    62 | D        | Reached ** piety under Trog
    69 | D        | Found a shadowy altar of Dithmenos.
    69 | D        | Found a glowing silver altar of Zin.
    70 | D        | Found a snail-covered altar of Cheibriados.
    70 | D        | Found a burning altar of Makhleb.
    71 | D        | Found Muityat's Do-It-Yourself Clinic.
    71 | D        | Found a blossoming altar of Fedhas.
    71 | D        | Found Nuicveh's Distillery.
    72 | D        | Found Doiner's Bottled Wisdom.
    72 | D        | Found Kir Vaax's Distillery.
   101 | D        | Found Fuobiogao's Weapon Rack.
   101 | D        | Found Noakh's Premium Goods.
   102 | D        | Found Kurashroo's Basic Armour.
   102 | D        | Found Fenefonki's Miscellaneous Merchandise.
   131 | D        | Arena points: 12 (+12) [x2]
   196 | D        | Round 2.
   208 | D        | Reached skill level 1 in Polearms
   208 | D        | Reached skill level 5 in Dodging
   263 | D        | Reached *** piety under Trog
   264 | D        | Reached skill level 10 in Fighting
   264 | D        | Reached skill level 10 in Axes
   264 | D        | Reached skill level 5 in Armour
   264 | D        | Reached XP level 6. HP: 65/66 MP: 5/5
   314 | D        | Noticed a redback
   321 | D        | Killed a redback
   326 | D        | Reached skill level 5 in Polearms
   326 | D        | Reached XP level 7. HP: 74/74 MP: 6/6
   326 | D        | Reached **** piety under Trog
   326 | D        | Arena points: 54 (+42) [x3]
   376 | D        | Round 3.
   380 | D        | Bought a +0 pair of gloves for 67 gold pieces
   391 | D        | Bought a +0 cloak for 54 gold pieces
   400 | D        | Noticed a merfolk siren
   417 | D        | Killed a merfolk siren
   429 | D        | Noticed a harpy
   436 | D        | Killed a harpy
   437 | D        | Reached XP level 8. HP: 54/85 MP: 7/7
   451 | D        | Noticed a merfolk
   453 | D        | Noticed a merfolk siren
   458 | D        | Killed a merfolk
   461 | D        | Killed a merfolk siren
   462 | D        | Reached skill level 10 in Polearms
   468 | D        | Noticed a merfolk
   469 | D        | Noticed a merfolk
   478 | D        | Slain by a merfolk

Illustrated notes

Levels and vault maps discovered:
D:        arena_sprint

Skill      XL: |  1  2  3  4  5  6  7  8 |
---------------+-------------------------+-----
Fighting       | 8 10 11 12 13 | 13.4
Axes           | 8 10 11 12 13 | 13.3
Armour         | 4 5 |  5.8
Dodging        | 4 5 6 8 9 |  9.6
Polearms       | 2 5 9 10 | 10.6

Action                   |  1- 3 |  4- 6 |  7- 9 || total
-------------------------+-------+-------+-------++-------
Melee: Hand axe          |     5 |       |       ||     5
       Halberd           |       |    31 |    23 ||    54
       Headbutt          |       |     3 |     4 ||     7
Invok: Berserk           |     1 |     1 |     2 ||     4
       Brothers in Arms  |       |       |     1 ||     1
Armor: Animal skin       |       |    11 |     4 ||    15
Dodge: Dodged            |     2 |    25 |    13 ||    40
